 Dungeon Crawl Stone Soup version 0.30-a0-553-g7fabdf1491 (webtiles) character file.

Game seed: 4951588718649285381

211 arthad the Digger (level 5, -2/29 HPs)
             Began as a Gargoyle Earth Elementalist on Dec 26, 2022.
             Slain by a hobgoblin (4 damage)
             ... on level 3 of the Dungeon.
             The game lasted 00:08:04 (2403 turns).

arthad the Digger (Gargoyle Earth Elementalist)     Turns: 2403, Time: 00:08:04

Health: -2/29      AC:  7    Str: 11    XL:     5   Next: 88%
Magic:  0/9        EV: 12    Int: 18    God:
Gold:   82         SH:  0    Dex: 16    Spells: 5/9 levels left

rFire   . . .      SeeInvis .    (no weapon)
rCold   . . .      Faith    .    (no shield)
rNeg    + . .      Spirit   .    a - +0 robe
rPois   ∞          Reflect  .    (no helmet)
rElec   +          Harm     .    (no cloak)
rCorr   .          Rampage  .    (no gloves)
Will    .....                    l - +0 pair of boots
Stlth   ++                       (no amulet)
HPRegen 0.24/turn                q - +6 ring of dexterity
MPRegen 0.11/turn                (no ring)

@: no status effects
A: sickness immunity, AC +4, negative energy resistance 1, electricity
resistance, torment resistance 1, petrification resistance
a: no special abilities


You were on level 3 of the Dungeon.
You visited 1 branch of the dungeon, and saw 3 of its levels.

You collected 82 gold pieces.

Inventory:

Hand Weapons
 e - a +0 sling
 g - a +1 double sword
Missiles
 f - 8 poisoned darts
 o - 3 silver boomerangs
Armour
 a - a +0 robe (worn)
 l - a +0 pair of boots (worn)
Jewellery
 q - a +6 ring of dexterity (left hand)
Scrolls
 c - a scroll of enchant weapon
 h - 2 scrolls of teleportation
 k - a scroll of noise
 n - a scroll of fear {unknown}
Potions
 b - a potion of magic
 d - a potion of degeneration {unknown}
 i - a potion of heal wounds {unknown}
 j - a potion of curing
 m - a potion of attraction {unknown}
 p - a potion of invisibility {unknown}


   Skills:
 + Level 1.3 Fighting
 + Level 1.4 Armour
 + Level 2.0 Dodging
 * Level 3.4 Stealth
 * Level 2.9 Spellcasting
 * Level 1.8 Conjurations
 + Level 1.3 Transmutations
 * Level 4.6 Earth Magic


You had 5 spell levels left.
You knew the following spells:

 Your Spells              Type           Power      Damage    Failure   Level
a - Sandblast             Erth           38%        2d10      2%          1
b - Stone Arrow           Conj/Erth      28%        3d8       13%         3

Your spell library contained the following spells:

 Spells                   Type           Power      Damage    Failure   Level
 Passwall                 Tmut/Erth      10%        N/A       8%          2
 Hailstorm                Conj/Ice       5%         3d4       34%         3
 Petrify                  Tmut/Erth      13%        N/A       43%         4
 Ice Form                 Ice/Tmut       5%         N/A       77%         4
 Simulacrum               Ice/Necr       1%         N/A       100%        6


Dungeon Overview and Level Annotations

Branches:
Dungeon (3/15)

Altars:


Innate Abilities, Weirdness & Mutations

You are immune to sickness and miasma.
Your stone body is resilient. (AC +4)
You are immune to poison.
You resist negative energy. (rN+)
You are resistant to electric shocks. (rElec)
You are resistant to unholy torment.
You are immune to petrification.


Message History

The orc hits you but does no damage.
The blast of sand hits the orc but does no damage.
The orc is heavily wounded.
The orc barely misses you.
The blast of sand hits the orc but does no damage.
The orc is heavily wounded.
The orc hits you but does no damage. The orc barely misses you.
The orc hits you with a +0 mace of draining.
The orc barely misses you. The orc closely misses you.
The blast of sand hits the orc!
You kill the orc!
The orc closely misses you. x2; The hobgoblin barely misses you.
The blast of sand hits the orc!
You kill the orc!
The orc hits you with a +0 war axe!
The hobgoblin hits you but does no damage.
The orc hits you but does no damage. The hobgoblin closely misses you.
The blast of sand hits the orc but does no damage.
The orc barely misses you. The hobgoblin hits you.
You are too injured to fight recklessly!
You are too injured to fight recklessly!
You are too injured to fight recklessly!
Aiming: Sandblast (safe; 2% risk of failure)
Press: ? - help, Q - select action, (/) - cycle Shift-Dir - straight line, f/p - orc
Aim: an orc, wielding a +0 war axe and wearing a +0 ring mail (84% to hit)
The blast of sand hits the orc but does no damage.
The orc hits you with a +0 war axe.
* * * LOW HITPOINT WARNING * * *
The hobgoblin hits you but does no damage. x2
The orc hits you with a +0 war axe!
* * * LOW HITPOINT WARNING * * *
Aiming: Sandblast (safe; 2% risk of failure)
Press: ? - help, Q - select action, (/) - cycle Shift-Dir - straight line, f/p - orc
Aim: an orc, wielding a +0 war axe and wearing a +0 ring mail (84% to hit)
The blast of sand hits the orc!
You kill the orc!
The hobgoblin hits you but does no damage.
You don't have enough magic to cast this spell.
The hobgoblin attacks as you move away! The hobgoblin hits you.
You die...

......... ..
..............###... ...
..... ........# ##.†
..##.... #.......# #.#
.#)##..##.#......####.#
o.#.#.#..#.#.#)....##...#
o.##.#....#.##.....##.##.
.#.##..))g.##.#....##.##.
#.#....)@....#.#...##.##.
##...?........##...##.##.
................#.###.##.
....).............# #.##.
####......###..### #.##.
......####.....## #.##.
.###.. #†##### #.##. #..
#.# #.##. .
#.##########.##.


You could see a hobgoblin.

Vanquished Creatures
  A black bear (D:3)
  An orc priest (D:3)
  An adder (D:2)
  A worm (D:2)
  A dart slug (D:1)
  9 orcs (D:3)
  4 ball pythons
  2 bats
  3 endoplasms
  2 giant cockroaches (D:3)
  3 goblins
  5 hobgoblins
  6 jackals (D:1)
  5 kobolds
  6 quokkas
  7 frilled lizards
  3 rats
60 creatures vanquished.

Notes
Turn   | Place    | Note
-------+----------+-------------------------------------------
     0 | D:1      | arthad the Gargoyle Earth Elementalist began the quest for
                  | the Orb.
     0 | D:1      | Reached XP level 1. HP: 10/10 MP: 3/3
   101 | D:1      | Reached XP level 2. HP: 15/15 MP: 0/5
   550 | D:1      | Reached skill level 1 in Transmutations
   725 | D:1      | Reached XP level 3. HP: 20/20 MP: 3/6
   729 | D:1      | Learned a level 3 spell: Stone Arrow
   805 | D:1      | Reached skill level 4 in Earth Magic
  1133 | D:2      | Found a faded altar of an unknown god.
  1614 | D:2      | Reached XP level 4. HP: 24/24 MP: 5/7
  1727 | D:3      | Reached skill level 1 in Armour
  1727 | D:3      | Reached skill level 1 in Conjurations
  1728 | D:3      | Reached skill level 1 in Fighting
  2019 | D:3      | Noticed a black bear
  2173 | D:3      | HP: 1/25 [black bear (3)]
  2174 | D:3      | Killed a black bear
  2175 | D:3      | Reached XP level 5. HP: 2/29 MP: 1/9
  2401 | D:3      | HP: 1/29 [orc/+0 war axe (7)]
  2403 | D:3      | Slain by a hobgoblin

Illustrated notes

Levels and vault maps discovered:
D:1:      sevenhm_arrival_forest_fort_large_4, layout_rooms
D:2:      layout_basic, ebering_ecumenical_altar_sacrificial
D:3:      layout_loops_ring, minitemple, minmay_misc_feat_secret_circle,
          minmay_unequal

Skill      XL: |  1  2  3  4 |
---------------+-------------+-----
Transmutations | 1 |  1.3
Earth Magic    | 4 |  4.6
Armour         | 1 |  1.4
Stealth        | 3 |  3.4
Conjurations   | 1 |  1.8
Fighting       | 1 |  1.3
Dodging        | 2 |  2.0
Spellcasting   | |  2.9

Action                   |  1- 3 |  4- 6 || total
-------------------------+-------+-------++-------
 Cast: Sandblast         |    58 |    41 ||    99
  Use: Scroll            |       |     3 ||     3
       Potion            |       |     1 ||     1
Armor: Robe              |     4 |    19 ||    23
Dodge: Dodged            |    16 |    24 ||    40

Table legend: (Time is in decaauts)
 A = Elapsed time spent in this place.
 B = Non-inter-level travel time spent in this place.
 C = Inter-level travel time spent in this place.
 D = Time resting spent in this place.
 E = Time spent auto-exploring this place.
 F = Levels seen in this place.
 G = Mean time per level.
                   A        B        C        D        E       F      G
               +--------+--------+--------+--------+--------+-----+--------+
         Total |   2451 |   2311 |    140 |    259 |   1587 |   3 |  817.0 |
       Dungeon |   2451 |   2311 |    140 |    259 |   1587 |   3 |  817.0 |
               +--------+--------+--------+--------+--------+-----+--------+

Top non-repeatable levels by time:
     D:1: 1077 daAuts
     D:2: 738 daAuts
     D:3: 636 daAuts
